 Dungeon Crawl Stone Soup version 0.21-a0-132-g076efaf (webtiles) character file.

46 Leszczynek the Changer (level 3, 3/26 HPs)
             Began as a Gnoll Transmuter on July 17, 2017.
             Was a Follower of Uskayaw.
             Quit the game on level 5 of the Dungeon.
             The game lasted 00:09:51 (1597 turns).

Leszczynek the Changer (Gnoll Transmuter)           Turns: 1597, Time: 00:09:51

Health: 3/26       AC:  3    Str:  7    XL:     3   Next: 66%
Magic:  1/7        EV: 12    Int:  7    God:    Uskayaw [*.....]
Gold:   66         SH:  0    Dex:  7    Spells: 2/8 levels left

rFire    . . .     SeeInvis .   g - -1 spear (curse)
rCold    . . .     Gourm    .   (no shield)
rNeg     . . .     Faith    .   b - +1 robe
rPois    +         Spirit   .   (no helmet)
rElec    .         Reflect  .   (no cloak)
rCorr    .         Harm     .   (no gloves)
MR       .....                  (no boots)
Stlth    +.........             (no amulet)
HPRegen  0.08/turn              h - ring of poison resistance
MPRegen  0.10/turn              (no ring)

@: lethally poisoned (3 -> -6), very slightly contaminated
A: unchanging attributes, fangs 1, strong nose
a: Stomp, Renounce Religion


You were on level 5 of the Dungeon.
You worshipped Uskayaw.
Uskayaw was noncommittal.
You were not hungry.

You visited 2 branches of the dungeon, and saw 6 of its levels.

You collected 66 gold pieces.

Inventory:

Hand Weapons
 g - a cursed -1 spear (weapon)
Missiles
 a - 50 arrows
 f - 2 tomahawks (quivered)
Armour
 b - a +1 robe (worn)
Jewellery
 h - a ring of poison resistance (left hand)
Scrolls
 e - a scroll of identify {@r1}
Potions
 i - a potion of might
Books
 c - a book of Changes

   Spells                             Type                      Level
   a - Beastly Appendage              Transmutation                1
   b - Sticks to Snakes               Transmutation                2
   c - Spider Form                    Transmutation/Poison         3
   d - Ice Form                       Ice/Transmutation            4
   e - Blade Hands                    Transmutation                5
Comestibles
 d - 4 bread rations
 j - 2 meat rations


   Skills:
 - Level 1.3 Fighting
 - Level 2.6 Dodging
 + Level 4.0 Unarmed Combat
 - Level 3.0 Spellcasting
 - Level 4.5 Transmutations
 + Level 2.2 Poison Magic


You had 2 spell levels left.
You knew the following spells:

 Your Spells              Type           Power        Failure   Level  Hunger
a - Beastly Appendage     Tmut           #.....       5%          1    ##.....
b - Sticks to Snakes      Tmut           #.......     9%          2    ###....
c - Spider Form           Tmut/Pois      #.........   26%         3    ####...


Dungeon Overview and Level Annotations

Branches:
Dungeon (5/15)             Temple (1/1) D:4

Altars:
Cheibriados
Gozag
Hepliaklqana
Kikubaaqudgha
Makhleb
Okawaru
Qazlal
Ru
Sif Muna
Trog
Uskayaw
Vehumet
Wu Jian
Yredelemnul
Zin
The Shining One


Innate Abilities, Weirdness & Mutations

Your physical attributes are unchanging.
You have very sharp teeth.
Your uncanny sense of smell can sniff out nearby items.


Message History

You hit the worker ant but do no damage.
The worker ant is severely wounded.
The worker ant bites you!
* * * LOW HITPOINT WARNING * * *
You are lethally poisoned!
The worker ant poisons you!
Your ball python completely misses the worker ant.
Your ball python constricts the worker ant.
The worker ant barely misses you.
You hit the worker ant but do no damage.
The worker ant is severely wounded.
* * * LOW HITPOINT WARNING * * *
You feel sick.
Your ball python bites the worker ant.
Your ball python constricts the worker ant.
The worker ant bites you but does no damage.
Your ball python bites the worker ant.
Your ball python constricts the worker ant.
Unknown command.
Okay, then.
Are you sure you want to abandon this character and quit the game? (Confirm with "yes".)

*,,,,,,,,,,* **,,*** ###.....
*,,,,,,,,,,***,,** #...###.
*,,,,,,,,,,,,,,** ###.### #.
*,,,,.,,,,,,******* ###...#
#. *,,,,..,,,,,,,,,,,*
##...### #.
**,,,...,,,,*******##..###
***#. *,,,,...?,,** #..##
*,,.. *,,,,.....,* ######.##
*,*## *,,,,......####a@.....#
*,*** *,,,,..........S.###..#
*,<** *,,,,.......##.#......#
**,,, **,,,.....###..#.###.##
****,,, **,,....,*#..#..# #.#
***,,,,,, ***##.,,...#*.##
#.#***,,,,,,,,
*#.,,####*#.#**#.#*,,,*,,,,,,
***.,,**
**,...,,,..,,***,,,,,,
*,,,,,* *,,...,,,,,***
*,,,,,,


You could see a worker ant and a friendly ball python.

Vanquished Creatures
  An ooze (D:1)
  2 adder zombies (D:5)
  A worm (D:4)
  A dart slug (D:2)
  3 orcs
  A giant cockroach (D:4)
  2 goblins
  2 hobgoblins
  A jackal (D:1)
  A quokka (D:5)
  A ball python (D:1)
  3 bats
  2 kobolds
  3 rats
24 creatures vanquished.

Vanquished Creatures (collateral kills)
  A leopard gecko (D:1)
  An orc (D:3)
  2 jackals (D:1)
  A kobold (D:1)
5 creatures vanquished.

Grand Total: 29 creatures vanquished

Notes
Turn   | Place    | Note
-------+----------+-------------------------------------------
     0 | D:1      | Leszczynek the Gnoll Transmuter began the quest for the Orb.
     0 | D:1      | Reached XP level 1. HP: 15/15 MP: 4/4
   103 | D:1      | Reached skill level 3 in Transmutations
   136 | D:1      | HP: 3/15 [goblin/spear (4)]
   138 | D:1      | Reached XP level 2. HP: 5/21 MP: 4/6
   145 | D:1      | Learned a level 2 spell: Sticks to Snakes
   145 | D:1      | oh great
   289 | D:1      | HP: 4/21 [leopard gecko (4)]
   447 | D:1      | Reached skill level 4 in Transmutations
   461 | D:1      | 7 int
   461 | D:1      | wew lad
   718 | D:2      | Found a bloodstained altar of Trog.
   881 | D:3      | Reached XP level 3. HP: 19/26 MP: 5/7
   888 | D:3      | Learned a level 3 spell: Spider Form
  1036 | D:3      | Reached skill level 1 in Poison Magic
  1138 | D:4      | Found a staircase to the Ecumenical Temple.
  1166 | D:4      | HP: 4/26 [orc/falchion (2)]
  1205 | Temple   | Entered the Ecumenical Temple
  1236 | Temple   | Became a worshipper of Uskayaw the Reveler
  1240 | Temple   | this guy won't care about int
  1272 | D:4      | Reached * piety under Uskayaw
  1290 | D:5      | Entered Level 5 of the Dungeon
  1291 | D:5      | HP: 5/26 [adder zombie (2)]
  1296 | D:5      | HP: 1/26 [adder zombie (3)]
  1298 | D:5      | Reached skill level 2 in Poison Magic
  1298 | D:5      | Reached ** piety under Uskayaw
  1299 | D:5      | EASY
  1595 | D:5      | HP: 4/26 [worker ant (7)]
  1597 | D:5      | Quit the game

Vault maps used:
D:1:      dpeg_arrival_erosion
D:2:      first_bread, minmay_misc_feat_secret_circle, bloody_trog
D:3:      grunt_decor_clamped, hangedman_glass_teeth
D:4:      minmay_temple_entry_butterflies
Temple:   nicolae_temple_the_god_donut

Skill      XL: |  1  2  3 |
---------------+----------+-----
Transmutations | 3 4 |  4.5
Poison Magic   | 2 |  2.2
Fighting       | |  1.3
Dodging        | |  2.6
Unarmed Combat | |  4.0
Spellcasting   | |  3.0

Action                   || total
-------------------------++-------
Melee: Unarmed           ||    34
       Bite              ||     7
       Kick              ||     7
       Headbutt          ||     2
       Spear             ||   133
       Punch             ||     2
 Cast: Beastly Appendage ||    12
       Sticks to Snakes  ||    10
       Spider Form       ||     3
  Use: Scroll            ||     3
       Potion            ||     2
 Stab: Distracted        ||     1
  Eat: Chunk             ||     2
       Bread ration      ||     1
Armor: Robe              ||    14
       Skin              ||     3
Dodge: Dodged            ||    98
